 Dungeon Crawl Stone Soup version 0.21.1-1-g345015f (webtiles) character file.

434 Iko the Poker (level 7, -6/38 HPs)
             Began as a Vine Stalker Chaos Knight on May 6, 2018.
             Mangled by a crocodile (21 damage)
             ... on level 8 of the Dungeon.
             The game lasted 00:09:51 (883 turns).

Iko the Poker (Vine Stalker Chaos Knight)            Turns: 883, Time: 00:09:51

Health: -6/38      AC:  6    Str: 15    XL:     7   Next: 0%
Magic:  0/17       EV: 11    Int: 14    God:    Xom [.....*]
Gold:   86         SH:  0    Dex: 13    Spells: 6/6 levels left

rFire    . . .     SeeInvis .   a - +1 spear (chaos)
rCold    . . .     Gourm    .   (no shield)
rNeg     . . .     Faith    .   b - +2 leather armour
rPois    .         Spirit   +   (no helmet)
rElec    .         Reflect  .   e - +0 cloak
rCorr    .         Harm     .   (no gloves)
MR       .....                  (no boots)
Stlth    ++........             d - amulet of magic regeneration
HPRegen  0.52/turn              g - ring of magical power
MPRegen  0.40/turn              (no ring)

@: no status effects
A: fangs 2, regeneration 1, magic shield, antimagic bite, no potion heal 3, rot
immunity
a: Renounce Religion


You were on level 8 of the Dungeon.
You worshipped Xom.
You were Xom's teddy bear.
You were not hungry.

You visited 1 branch of the dungeon, and saw 8 of its levels.

You collected 86 gold pieces.

Inventory:

Hand Weapons
 a - a +1 spear of chaos (weapon)
 f - a +0 hunting sling
Missiles
 j - 18 sling bullets (quivered)
Armour
 b - a +2 leather armour (worn)
 e - a +0 cloak (worn)
Jewellery
 d - an amulet of magic regeneration (around neck)
 g - a ring of magical power (left hand)
Wands
 i - a wand of acid (6)
Scrolls
 h - a scroll of remove curse
Potions
 k - a potion of might
Comestibles
 c - 4 rations


   Skills:
 + Level 4.3 Fighting
 + Level 4.9 Polearms
 + Level 0.3 Throwing
 + Level 2.5 Armour
 + Level 1.1 Dodging
 + Level 2.3 Stealth


You had 6 spell levels left.
You didn't know any spells.

Dungeon Overview and Level Annotations

Branches:
Dungeon (8/15)
 Temple: D:4-7         Lair: D:8-11

Altars:
Makhleb

Shops:
D:4 =


Innate Abilities, Weirdness & Mutations

You have extremely sharp teeth.
Your natural rate of healing is unusually fast.
When hurt, damage is shared between your health and your magic reserves.
Your bite disrupts and absorbs the magic of your enemies.
Potions cannot restore your health.
You are immune to rotting.


Message History

Found a stone staircase leading up.
h - a scroll of remove curse A crocodile comes into view.
An iguana comes into view.
You hit the crocodile. You burn the crocodile.
You bite the crocodile, but do no damage.
The crocodile is lightly wounded.
The crocodile bites you.
You hit the crocodile but do no damage. Your bite misses the crocodile.
The crocodile is lightly wounded.
The iguana hisses angrily.
The crocodile bites you!
You hit the crocodile but do no damage.
The crocodile goes berserk!
The crocodile is lightly wounded.
The crocodile bites you!!
The crocodile bites you but does no damage.
The crocodile bites you!!
Ouch! That really hurt!
You die...
Xom snickers!

.... . .###.#.#.
...#..l### #
.##.......# ..
........<.##...
.............
..........#
#...t...#
....###@### # #.#
####.####
#.......# ########
#.##.##.# #......#
# #.##.###.####.#
#......#.####.###.
####.#.#.##.......
...#......#.####


You could see a crocodile (berserk) and an iguana.

Vanquished Creatures
  A basilisk (shapeshifter) (D:6)
  A crimson imp (D:6)
  A hound (D:6)
  2 orc wizards (D:6)
  A bullfrog skeleton (D:6)
  Natasha (D:2)
  2 worker ants
  A hound zombie (D:5)
  A hound skeleton (D:5)
  An adder (D:2)
  A gnoll (shapeshifter) (D:6)
  An adder skeleton (D:5)
  A dart slug (D:2)
  A leopard gecko (D:6)
  An orc (D:6)
  2 bats (D:1)
  A giant cockroach (D:4)
  A goblin (D:1)
  2 hobgoblins (D:2)
  A kobold (D:1)
  2 quokkas
  A frilled lizard (D:1)
  A leopard gecko zombie (D:5)
  2 rats (D:1)
30 creatures vanquished.

Notes
Turn   | Place    | Note
-------+----------+-------------------------------------------
     0 | D:1      | Iko the Vine Stalker Chaos Knight began the quest for the Orb.
     0 | D:1      | Reached XP level 1. HP: 11/11 MP: 2/2
    15 | D:1      | XOM: potion effect (agility)
   225 | D:1      | Reached XP level 2. HP: 16/16 MP: 3/3
   245 | D:2      | Noticed Natasha
   245 | D:2      | XOM: silly message
   246 | D:2      | XOM: potion effect (invisibility)
   248 | D:2      | Killed Natasha
   248 | D:2      | Reached XP level 3. HP: 20/20 MP: 4/4
   399 | D:2      | XOM: divination: detect creatures
   453 | D:4      | Found Zaocsuq's Jewellery Shop.
   466 | D:4      | XOM: silly message
   471 | D:4      | Gained mutation: Your natural rate of healing is unusually fast. [Vine Stalker growth]
   471 | D:4      | Reached XP level 4. HP: 12/24 MP: 5/5
   539 | D:5      | Entered Level 5 of the Dungeon
   591 | D:5      | XOM: potion effect (berserk rage)
   598 | D:6      | Noticed a basilisk
   598 | D:6      | a hound changed into a basilisk
   601 | D:6      | Killed a basilisk
   601 | D:6      | Reached skill level 1 in Dodging
   601 | D:6      | Reached skill level 1 in Stealth
   601 | D:6      | Reached XP level 5. HP: 29/29 MP: 6/6
   601 | D:6      | Reached XP level 6. HP: 33/33 MP: 7/7
   627 | D:6      | Found a burning altar of Makhleb.
   660 | D:6      | XOM: fog
   725 | D:6      | XOM: 6-stop teleportation journey
   762 | D:6      | Reached XP level 7. HP: 34/38 MP: 8/8
   883 | D:8      | Mangled by a crocodile

Skill      XL: |  1  2  3  4  5  6 |
---------------+-------------------+-----
Polearms       | 3 4 |  4.9
Fighting       | 3 4 |  4.3
Armour         | 2 |  2.5
Dodging        | 1 |  1.1
Stealth        | 1 2 |  2.3
Throwing       | |  0.3

Action                   |  1- 3 |  4- 6 |  7- 9 || total
-------------------------+-------+-------+-------++-------
Melee: Spear             |    30 |    48 |     3 ||    81
       Bite              |     7 |    13 |     1 ||    21
Throw: Stone             |     5 |     3 |       ||     8
Evoke: Wand              |       |     3 |       ||     3
  Use: Scroll            |     5 |     2 |     1 ||     8
       Potion            |     2 |     2 |       ||     4
 Stab: Invisible         |     1 |       |       ||     1
       Paralysed         |       |     4 |       ||     4
Armor: Leather armour    |     7 |    17 |     1 ||    25
Dodge: Dodged            |    21 |    23 |       ||    44
